WCHLSIM.com - West Coast Hockey League
html PUBLIC "-//W3C//DTD XHTML 1.0 Transitional//EN" "http://www.w3.org/TR/xhtml1/DTD/xhtml1-transitional.dtd"> WCHL - Game 8 - BOISE CARIBOUS vs SACRAMENTO BANDITS

BOISE CARIBOUS vs SACRAMENTO BANDITS

Created - 13 novembre 2020 at 22:00

Goals
1 2 3 OT1 T
BOISE CARIBOUS 0 0 1 0 1
SACRAMENTO BANDITS 1 0 0 1 2
Shots
1 2 3 OT1 T
BOISE CARIBOUS 14 5 6 0 25
SACRAMENTO BANDITS 14 14 8 1 37

1st period

1. SACRAMENTO BANDITS , Aleksander Barkov 1 (John Carlson 1, Ryan Suter 1) at 5:31 (PP)

Penalties :
Greg Pateryn (BOI) for Interference (Minor) at 5:11

2nd period

No Goal

Penalties :
John Klingberg (BOI) for Tripping (Minor) at 3:06, Ryan Suter (SAC) for Charging (Minor) at 19:49

3rd period

2. BOISE CARIBOUS , Phil Kessel 1 (Carl Soderberg 1) at 17:44 (PP)

Penalties :
Mark Borowiecki (SAC) for Roughing (Minor) at 3:24, Tom Wilson (BOI) for Hooking (Minor) at 7:37, John Klingberg (BOI) for Roughing (Minor) at 10:04, Colton Sissons (SAC) for Hooking (Minor) at 17:13

Overtime #1

3. SACRAMENTO BANDITS , Aleksander Barkov 2 (Jonathan Huberdeau 1, John Carlson 2) at 0:33

Penalties :
No Penalty

Goalie Stats

Robin Lehner (BOI), 35 saves from 37 shots - (0,946), OTL, 0-0-1, 60:34 minutes
Andrei Vasilevskiy (SAC), 24 saves from 25 shots - (0,960), W, 1-0-0, 60:34 minutes

Players Stats for BOISE CARIBOUS

Player Name              G  A  P  +/- PIM S  H  SB GA TA FO     MP     PP MP  PK MP  
------------------------------------------------------------------------------------
Andre Burakovsky         0  0  0   0  0   3  0  0  0  0  0/1    16:11   2:12   0:00 
Brendan Smith            0  0  0   0  0   0  0  0  0  0  0/0    11:09   0:00   1:40 
Carl Soderberg           0  1  1  -1  0   2  0  0  0  0  7/18   16:45   2:12   0:00 
Darren Helm              0  0  0   0  0   2  0  0  0  0  0/0    12:50   0:00   3:21 
Dominik Kubalik          0  0  0   0  0   2  1  0  0  0  0/2    17:41   2:17   0:00 
Greg Pateryn             0  0  0   0  2   1  1  1  0  0  0/0    19:20   0:00   2:33 
Joakim Ryan              0  0  0   0  0   0  3  2  0  0  0/0    17:38   0:00   2:45 
John Klingberg           0  0  0   0  4   0  1  1  0  0  0/0    20:48   2:35   0:42 
Kyle Turris              0  0  0   0  0   0  0  0  0  0  6/15   17:41   2:17   0:00 
Lawson Crouse            0  0  0   0  0   2  1  0  0  0  0/1    12:39   2:17   0:00 
Mike Reilly              0  0  0   0  0   1  1  2  0  0  0/0    17:58   0:00   3:05 
Patrick Marleau          0  0  0   0  0   0  0  1  0  0  0/1    12:16   1:54   0:00 
Phil Kessel              1  0  1   0  0   4  1  1  0  0  0/2    19:15   2:35   1:16 
Radek Faksa              0  0  0   0  0   1  0  0  0  0  8/20   14:27   0:00   4:05 
Rasmus Andersson         0  0  0  -1  0   0  2  2  0  0  0/0    20:19   0:00   2:57 
Theodor Blueger          0  0  0   0  0   2  0  1  0  0  3/12   11:41   0:00   2:12 
Tom Wilson               0  0  0  -1  2   4  2  0  0  0  1/4    16:44   2:12   0:00 
Will Butcher             0  0  0   0  0   1  0  0  0  0  0/0    19:59   1:54   0:32 

Players Stats for SACRAMENTO BANDITS

Player Name              G  A  P  +/- PIM S  H  SB GA TA FO     MP     PP MP  PK MP  
------------------------------------------------------------------------------------
Aleksander Barkov        2  0  2   1  0   5  1  1  0  0  25/35  23:47   3:27   3:07 
Alexander DeBrincat      0  0  0   0  0   2  0  0  0  0  0/0    17:39   2:50   0:00 
Alexander Radulov        0  0  0   0  0   2  1  0  0  0  1/2    21:28   3:27   1:22 
Brock Boeser             0  0  0   0  0   7  1  1  0  0  0/0    17:39   2:50   0:00 
Colton Sissons           0  0  0   0  2   1  0  0  0  0  0/1    12:41   0:00   0:00 
Ivan Provorov            0  0  0   0  0   0  1  0  0  0  0/0    20:54   2:50   2:21 
Jake DeBrusk             0  0  0   0  0   2  0  0  0  0  0/0    12:42   0:00   0:00 
Jamie Benn               0  0  0   0  0   2  2  0  0  0  15/23  19:01   2:50   1:22 
Jay Beagle               0  0  0   0  0   0  1  0  0  0  2/4     5:04   0:00   0:00 
John Carlson             0  2  2   1  0   3  1  2  0  0  0/0    26:10   3:27   2:08 
Jonathan Huberdeau       0  1  1   1  0   7  2  0  0  0  0/1    23:47   3:27   3:07 
Justin Williams          0  0  0   0  0   0  0  0  0  0  0/0     5:04   0:00   0:00 
Luca Sbisa               0  0  0   0  0   0  0  0  0  0  0/0    14:24   0:00   0:54 
Mark Borowiecki          0  0  0   0  2   0  7  1  0  0  0/0    13:29   0:00   0:00 
Matt Duchene             0  0  0   0  0   2  0  0  0  0  7/9    12:42   0:00   0:00 
Mattias Ekholm           0  0  0   0  0   2  0  0  0  0  0/0    21:04   2:50   2:31 
Ryan Suter               0  1  1   0  2   1  1  1  0  0  0/0    24:31   3:27   1:04 
Scott Laughton           0  0  0   0  0   1  1  0  0  0  1/1     5:04   0:00   0:00 

3 Stars

1 - Aleksander Barkov (SAC)
2 - Robin Lehner (BOI)
3 - John Carlson (SAC)

Power Play

BOISE CARIBOUS - 1 on 3 Attempt(s) - 33,33%
SACRAMENTO BANDITS - 1 on 4 Attempt(s) - 25,00%

Penalty Kill

BOISE CARIBOUS - 3 on 4 Attempt(s) - 75,00% - Score 0 goal in Penalty Kill
SACRAMENTO BANDITS - 2 on 3 Attempt(s) - 66,67% - Score 0 goal in Penalty Kill

Team Stat

BOISE CARIBOUS - Hits : 13 - Faceoff Wins : 25 - Blocked Shots : 11 - Penalty Minutes : 8
SACRAMENTO BANDITS - Hits : 19 - Faceoff Wins : 51 - Blocked Shots : 6 - Penalty Minutes : 6

Official

Referees : Ian Walsh and TJ Luxmore
Linesman : Colin Gates and Neil Campbell

Game Notes

No Game Note

Finance

Level 1 -- Attendance: 6205 (100,00%) -- Ticket Income 775 625 $
Level 2 -- Attendance: 5280 (100,00%) -- Ticket Income 422 400 $
Level 3 -- Attendance: 2135 (100,00%) -- Ticket Income 113 155 $
Level 4 -- Attendance: 4280 (100,00%) -- Ticket Income 158 360 $
Luxury Box -- Attendance: 1010 (100,00%) -- Ticket Income 252 500 $
Game was played at the Sacramento Center Palace.
Total Attendance: 18910 (100,00%)
Total Ticket Income: 1 722 040 $
Other Income: 602 714 $
Total Income: 2 324 754 $

BOISE CARIBOUS

5 vs 5 Forward 
   Center                   Left Wing                Right Wing               Time % Phy DF OF 
 1 Carl Soderberg           Andre Burakovsky         Tom Wilson               32     1   2  2  
 2 Kyle Turris              Dominik Kubalik          Phil Kessel              31     1   2  2  
 3 Radek Faksa              Lawson Crouse            Patrick Marleau          23     1   2  2  
 4 Theodor Blueger          Darren Helm              Brendan Smith            14     1   3  1  

5 vs 5 Defense 
   Defense                  Defense                                           Time % Phy DF OF 
 1 Greg Pateryn             Rasmus Andersson                                  34     1   2  2  
 2 Will Butcher             John Klingberg                                    33     1   2  2  
 3 Mike Reilly              Joakim Ryan                                       29     1   2  2  
 4 Joakim Ryan              Mike Reilly                                       4      1   2  2  

PowerPlay Forward 
   Center                   Left Wing                Right Wing               Time % Phy DF OF 
 1 Carl Soderberg           Andre Burakovsky         Tom Wilson               55     1   2  2  
 2 Kyle Turris              Lawson Crouse            Dominik Kubalik          45     1   2  2  

PowerPlay Defense
   Defense                  Defense                                           Time % Phy DF OF 
 1 John Klingberg           Phil Kessel                                       55     1   2  2  
 2 Will Butcher             Patrick Marleau                                   45     1   2  2  

Penalty Kill 4 Players Forward 
   Center                   Wing                     Time % Phy DF OF 
 1 Radek Faksa              Darren Helm              55     1   2  2  
 2 Theodor Blueger          Brendan Smith            45     1   2  2  

Penalty Kill 4 Players Defense
   Defense                  Defense                  Time % Phy DF OF 
 1 Greg Pateryn             Rasmus Andersson         55     1   2  2  
 2 Mike Reilly              Joakim Ryan              45     1   2  2  

Penalty Kill - 3 Players Forward 
   Forward                                           Time % Phy DF OF 
 1 Theodor Blueger                                   55     1   2  2  
 2 Radek Faksa                                       45     1   2  2  

Penalty Kill - 3 Players Defense
   Defense                  Defense                  Time % Phy DF OF 
 1 Greg Pateryn             Rasmus Andersson         55     1   2  2  
 2 Mike Reilly              Phil Kessel              45     1   2  2  

4 vs 4 Forward 
   Center                   Wing                     Time % Phy DF OF 
 1 Kyle Turris              Tom Wilson               55     1   2  2  
 2 Carl Soderberg           Andre Burakovsky         45     1   2  2  

4 vs 4 Defense
   Defense                  Defense                  Time % Phy DF OF 
 1 Will Butcher             Phil Kessel              55     1   2  2  
 2 John Klingberg           Phil Kessel              45     1   2  2  

Last Minutes Offensive
   Center                   Left Wing                Right Wing               Defense                  Defense                  
   Carl Soderberg           Andre Burakovsky         Tom Wilson               John Klingberg           Rasmus Andersson         

Last Minutes Defensive
   Center                   Left Wing                Right Wing               Defense                  Defense                  
   Radek Faksa              Darren Helm              Theodor Blueger          Greg Pateryn             Rasmus Andersson         

Goaltenders
Starting : Robin Lehner             
Backup : Alexandar Georgiev       

Extra Forwards
Normal : Phil Kessel, Tom Wilson, Lawson Crouse - PP : Radek Faksa, Theodor Blueger - PK : Phil Kessel
Extra Defensemen
Normal : Greg Pateryn, Rasmus Andersson, John Klingberg - PP : Rasmus Andersson - PK : Greg Pateryn, Joakim Ryan
Penalty Shots
Andre Burakovsky, Phil Kessel, Dominik Kubalik, Carl Soderberg, Kyle Turris
Custom OT Lines Forwards
Tom Wilson, Carl Soderberg, Phil Kessel, Andre Burakovsky, Dominik Kubalik, Kyle Turris, Patrick Marleau, Lawson Crouse, Radek Faksa, Darren Helm
Custom OT Lines Defensemen
Rasmus Andersson, John Klingberg, Greg Pateryn, Mike Reilly, Will Butcher

Scratches
Mario Kempe (Healthy)

SACRAMENTO BANDITS

5 vs 5 Forward 
   Center                   Left Wing                Right Wing               Time % Phy DF OF 
 1 Aleksander Barkov        Jonathan Huberdeau       Alexander Radulov        36     1   2  2  
 2 Jamie Benn               Alexander DeBrincat      Brock Boeser             31     1   2  2  
 3 Matt Duchene             Jake DeBrusk             Colton Sissons           23     1   2  2  
 4 Jay Beagle               Scott Laughton           Justin Williams          10     1   2  2  

5 vs 5 Defense 
   Defense                  Defense                                           Time % Phy DF OF 
 1 John Carlson             Ryan Suter                                        36     1   2  2  
 2 Mattias Ekholm           Ivan Provorov                                     31     1   2  2  
 3 Mark Borowiecki          Luca Sbisa                                        23     1   2  2  
 4 John Carlson             Ryan Suter                                        10     1   2  2  

PowerPlay Forward 
   Center                   Left Wing                Right Wing               Time % Phy DF OF 
 1 Aleksander Barkov        Jonathan Huberdeau       Alexander Radulov        55     1   2  2  
 2 Jamie Benn               Alexander DeBrincat      Brock Boeser             45     1   2  2  

PowerPlay Defense
   Defense                  Defense                                           Time % Phy DF OF 
 1 John Carlson             Ryan Suter                                        55     1   2  2  
 2 Mattias Ekholm           Ivan Provorov                                     45     1   2  2  

Penalty Kill 4 Players Forward 
   Center                   Wing                     Time % Phy DF OF 
 1 Aleksander Barkov        Jonathan Huberdeau       55     1   2  2  
 2 Jamie Benn               Alexander Radulov        45     1   2  2  

Penalty Kill 4 Players Defense
   Defense                  Defense                  Time % Phy DF OF 
 1 John Carlson             Ryan Suter               55     1   2  2  
 2 Mattias Ekholm           Ivan Provorov            45     1   2  2  

Penalty Kill - 3 Players Forward 
   Forward                                           Time % Phy DF OF 
 1 Aleksander Barkov                                 55     1   2  2  
 2 Jonathan Huberdeau                                45     1   2  2  

Penalty Kill - 3 Players Defense
   Defense                  Defense                  Time % Phy DF OF 
 1 John Carlson             Ryan Suter               55     1   2  2  
 2 Mattias Ekholm           Ivan Provorov            45     1   2  2  

4 vs 4 Forward 
   Center                   Wing                     Time % Phy DF OF 
 1 Aleksander Barkov        Jonathan Huberdeau       55     1   2  2  
 2 Jamie Benn               Alexander Radulov        45     1   2  2  

4 vs 4 Defense
   Defense                  Defense                  Time % Phy DF OF 
 1 John Carlson             Ryan Suter               55     1   2  2  
 2 Mattias Ekholm           Ivan Provorov            45     1   2  2  

Last Minutes Offensive
   Center                   Left Wing                Right Wing               Defense                  Defense                  
   Aleksander Barkov        Jonathan Huberdeau       Alexander Radulov        John Carlson             Ryan Suter               

Last Minutes Defensive
   Center                   Left Wing                Right Wing               Defense                  Defense                  
   Aleksander Barkov        Jonathan Huberdeau       Alexander Radulov        John Carlson             Ryan Suter               

Goaltenders
Starting : Andrei Vasilevskiy       
Backup : Craig Anderson           

Extra Forwards
Normal : Matt Duchene, Jay Beagle, Jake DeBrusk - PP : Matt Duchene, Jay Beagle - PK : Jake DeBrusk
Extra Defensemen
Normal : Mark Borowiecki, Luca Sbisa, Mattias Ekholm - PP : Mark Borowiecki - PK : Luca Sbisa, Mattias Ekholm
Penalty Shots
Aleksander Barkov, Jonathan Huberdeau, Jamie Benn, Alexander Radulov, Brock Boeser
Custom OT Lines Forwards
Aleksander Barkov, Jonathan Huberdeau, Jamie Benn, Alexander Radulov, Brock Boeser, Matt Duchene, Alexander DeBrincat, Jay Beagle, Jake DeBrusk, Scott Laughton
Custom OT Lines Defensemen
John Carlson, Ryan Suter, Mattias Ekholm, Ivan Provorov, Mark Borowiecki

Scratches
None


% Time on Ice - BOISE CARIBOUS

Lines # - Real PCT - Wanted PCT - Time Play
Normal Forward
1 - 28% - 32% - 13:59
2 - 31% - 31% - 15:24
3 - 21% - 23% - 10:22
4 - 19% - 14% - 9:29
Normal Defense
1 - 34% - 34% - 16:48
2 - 36% - 33% - 17:33
3 - 29% - 29% - 14:25
4 - 1% - 4% - 0:28
PP Forward
1 - 49% - 55% - 2:12
2 - 51% - 45% - 2:17
PP Defense
1 - 58% - 55% - 2:35
2 - 42% - 45% - 1:54
PK Forward
1 - 73% - 55% - 4:37
2 - 27% - 45% - 1:40
PK Defense
1 - 48% - 55% - 3:00
2 - 52% - 45% - 3:17
PK3 Forward
1 - 0% - 55%
2 - 0% - 45%
PK3 Defense
1 - 0% - 55%
2 - 0% - 45%
44 Forward
1 - 0% - 55%
2 - 0% - 45%
44 Defense
1 - 0% - 55%
2 - 0% - 45%
Last Minute Offensive  - 0:00
Last Minute Defensive  - 0:00
Total
Forward - 60:00
Defense - 60:00

% Time on Ice - SACRAMENTO BANDITS

Lines # - Real PCT - Wanted PCT - Time Play
Normal Forward
1 - 34% - 36% - 16:39
2 - 30% - 31% - 14:49
3 - 26% - 23% - 12:42
4 - 10% - 10% - 5:04
Normal Defense
1 - 36% - 36% - 17:46
2 - 32% - 31% - 15:43
3 - 27% - 23% - 13:30
4 - 5% - 10% - 2:15
PP Forward
1 - 55% - 55% - 3:27
2 - 45% - 45% - 2:50
PP Defense
1 - 55% - 55% - 3:27
2 - 45% - 45% - 2:50
PK Forward
1 - 70% - 55% - 3:07
2 - 30% - 45% - 1:22
PK Defense
1 - 48% - 55% - 2:08
2 - 52% - 45% - 2:21
PK3 Forward
1 - 0% - 55%
2 - 0% - 45%
PK3 Defense
1 - 0% - 55%
2 - 0% - 45%
44 Forward
1 - 0% - 55%
2 - 0% - 45%
44 Defense
1 - 0% - 55%
2 - 0% - 45%
Last Minute Offensive  - 0:00
Last Minute Defensive  - 0:00
Total
Forward - 60:00
Defense - 60:00

Play-by-Play

1st period


0:01 of 1st period - Aleksander Barkov wins face-off versus Carl Soderberg in neutral zone.
0:04 of 1st period - Greg Pateryn is hit by Alexander Radulov and loses puck.
0:17 of 1st period - Shot by Alexander Radulov.
0:17 of 1st period - Shot Misses the Net.
0:19 of 1st period - Shot by John Carlson.
0:19 of 1st period - Shot Misses the Net.
0:29 of 1st period - Shot by Aleksander Barkov.
0:29 of 1st period - Stopped by Robin Lehner with a rebound.
0:50 of 1st period - Off-side.
0:51 of 1st period - Jamie Benn wins face-off versus Kyle Turris in neutral zone.
1:08 of 1st period - Icing by Phil Kessel.
1:09 of 1st period - Matt Duchene wins face-off versus Kyle Turris in BOISE CARIBOUS zone.
1:14 of 1st period - Icing by Will Butcher.
1:15 of 1st period - Matt Duchene wins face-off versus Phil Kessel in BOISE CARIBOUS zone.
1:20 of 1st period - Shot by Colton Sissons.
1:20 of 1st period - Deflect By Jake DeBrusk.
1:20 of 1st period - Stopped by Robin Lehner without a rebound.
1:21 of 1st period - Jay Beagle wins face-off versus Radek Faksa in BOISE CARIBOUS zone.
2:29 of 1st period - Icing by Jamie Benn.
2:30 of 1st period - Jamie Benn wins face-off versus Theodor Blueger in SACRAMENTO BANDITS zone.
2:36 of 1st period - Off-side.
2:37 of 1st period - Kyle Turris wins face-off versus Matt Duchene in neutral zone.
3:10 of 1st period - Matt Duchene is hit by John Klingberg and loses puck.
3:47 of 1st period - Shot by Jonathan Huberdeau.
3:47 of 1st period - Shot Misses the Net.
3:57 of 1st period - Shot by Jonathan Huberdeau.
3:57 of 1st period - Shot Blocked by Phil Kessel.
3:59 of 1st period - Shot by Aleksander Barkov.
3:59 of 1st period - Stopped by Robin Lehner without a rebound.
4:00 of 1st period - Jamie Benn wins face-off versus Carl Soderberg in BOISE CARIBOUS zone.
4:22 of 1st period - Rasmus Andersson is hit by Ivan Provorov and loses puck.
4:25 of 1st period - Shot by Carl Soderberg.
4:25 of 1st period - Deflect By Andre Burakovsky.
4:25 of 1st period - Stopped by Andrei Vasilevskiy without a rebound.
4:26 of 1st period - Aleksander Barkov wins face-off versus Theodor Blueger in SACRAMENTO BANDITS zone.
4:39 of 1st period - Shot by Jonathan Huberdeau.
4:39 of 1st period - Shot Blocked by Joakim Ryan.
4:45 of 1st period - Shot by John Carlson.
4:45 of 1st period - Stopped by Robin Lehner without a rebound.
4:46 of 1st period - Carl Soderberg wins face-off versus Jamie Benn in BOISE CARIBOUS zone.
5:11 of 1st period - Shot by Jamie Benn.
5:11 of 1st period - Stopped by Robin Lehner without a rebound.
5:11 of 1st period - Minor Penalty to Greg Pateryn for Interference.
5:12 of 1st period - Aleksander Barkov wins face-off versus Radek Faksa in BOISE CARIBOUS zone.
5:23 of 1st period - Shot by Ryan Suter.
5:23 of 1st period - Shot Misses the Net.
5:31 of 1st period - Shot by Aleksander Barkov.
5:31 of 1st period - Goal by Aleksander Barkov - BOISE CARIBOUS : 0 - SACRAMENTO BANDITS : 1.
5:32 of 1st period - Carl Soderberg wins face-off versus Matt Duchene in neutral zone.
6:02 of 1st period - Shot by Andre Burakovsky.
6:02 of 1st period - Stopped by Andrei Vasilevskiy without a rebound.
6:03 of 1st period - Aleksander Barkov wins face-off versus Theodor Blueger in SACRAMENTO BANDITS zone.
6:12 of 1st period - Shot by Jonathan Huberdeau.
6:12 of 1st period - Stopped by Robin Lehner without a rebound.
6:13 of 1st period - Radek Faksa wins face-off versus Aleksander Barkov in BOISE CARIBOUS zone.
6:23 of 1st period - Icing by Radek Faksa.
6:24 of 1st period - Jamie Benn wins face-off versus Radek Faksa in BOISE CARIBOUS zone.
6:29 of 1st period - Shot by Alexander DeBrincat.
6:29 of 1st period - Shot Misses the Net.
6:42 of 1st period - Shot by Lawson Crouse.
6:42 of 1st period - Stopped by Andrei Vasilevskiy with a rebound.
6:44 of 1st period - Shot by Joakim Ryan.
6:44 of 1st period - Shot Misses the Net.
6:46 of 1st period - Shot by Mike Reilly.
6:46 of 1st period - Shot Misses the Net.
6:56 of 1st period - Shot by Radek Faksa.
6:56 of 1st period - Stopped by Andrei Vasilevskiy without a rebound.
6:57 of 1st period - Theodor Blueger wins face-off versus Aleksander Barkov in SACRAMENTO BANDITS zone.
7:04 of 1st period - Shot by Theodor Blueger.
7:04 of 1st period - Stopped by Andrei Vasilevskiy with a rebound.
7:06 of 1st period - Shot by Theodor Blueger.
7:06 of 1st period - Stopped by Andrei Vasilevskiy with a rebound.
7:08 of 1st period - Shot by Theodor Blueger.
7:08 of 1st period - Shot Misses the Net.
7:10 of 1st period - Shot by Darren Helm.
7:10 of 1st period - Shot Blocked by John Carlson.
7:12 of 1st period - Shot by Darren Helm.
7:12 of 1st period - Stopped by Andrei Vasilevskiy without a rebound.
7:13 of 1st period - Kyle Turris wins face-off versus Colton Sissons in SACRAMENTO BANDITS zone.
7:13 of 1st period - Dominik Kubalik is hit by Mark Borowiecki and loses puck.
7:41 of 1st period - Phil Kessel is hit by Mark Borowiecki and loses puck.
7:52 of 1st period - Shot by Kyle Turris.
7:52 of 1st period - Shot Misses the Net.
7:54 of 1st period - Shot by Phil Kessel.
7:54 of 1st period - Stopped by Andrei Vasilevskiy without a rebound.
7:55 of 1st period - Aleksander Barkov wins face-off versus Carl Soderberg in SACRAMENTO BANDITS zone.
8:04 of 1st period - Shot by Tom Wilson.
8:04 of 1st period - Shot Misses the Net.
8:06 of 1st period - Shot by Tom Wilson.
8:06 of 1st period - Deflect By Carl Soderberg.
8:06 of 1st period - Shot Blocked by Aleksander Barkov.
8:08 of 1st period - Shot by Tom Wilson.
8:08 of 1st period - Stopped by Andrei Vasilevskiy without a rebound.
8:09 of 1st period - Theodor Blueger wins face-off versus Jamie Benn in SACRAMENTO BANDITS zone.
8:34 of 1st period - Shot by Jamie Benn.
8:34 of 1st period - Shot Blocked by Mike Reilly.
8:36 of 1st period - Shot by Brock Boeser.
8:36 of 1st period - Stopped by Robin Lehner without a rebound.
8:37 of 1st period - Tom Wilson wins face-off versus Aleksander Barkov in BOISE CARIBOUS zone.
8:37 of 1st period - Tom Wilson is hit by Jonathan Huberdeau.
8:43 of 1st period - Shot by Andre Burakovsky.
8:43 of 1st period - Shot Misses the Net.
8:45 of 1st period - Shot by Greg Pateryn.
8:45 of 1st period - Stopped by Andrei Vasilevskiy with a rebound.
8:51 of 1st period - Shot by Carl Soderberg.
8:51 of 1st period - Stopped by Andrei Vasilevskiy without a rebound.
8:52 of 1st period - Radek Faksa wins face-off versus Jay Beagle in SACRAMENTO BANDITS zone.
9:17 of 1st period - Will Butcher is hit by Jay Beagle and loses puck.
9:24 of 1st period - Shot by Jay Beagle.
9:24 of 1st period - Shot Misses the Net.
9:26 of 1st period - Shot by Jay Beagle.
9:26 of 1st period - Shot Misses the Net.
9:54 of 1st period - Shot by Jonathan Huberdeau.
9:54 of 1st period - Shot Misses the Net.
9:56 of 1st period - Shot by Jonathan Huberdeau.
9:56 of 1st period - Deflect By Alexander Radulov.
9:56 of 1st period - Stopped by Robin Lehner without a rebound.
9:57 of 1st period - Kyle Turris wins face-off versus Jamie Benn in BOISE CARIBOUS zone.
10:08 of 1st period - Shot by Dominik Kubalik.
10:08 of 1st period - Shot Misses the Net.
10:38 of 1st period - Shot by Brock Boeser.
10:38 of 1st period - Shot Blocked by Rasmus Andersson.
10:41 of 1st period - Icing by Greg Pateryn.
10:42 of 1st period - Alexander Radulov wins face-off versus Kyle Turris in BOISE CARIBOUS zone.
10:55 of 1st period - Shot by Jonathan Huberdeau.
10:55 of 1st period - Shot Blocked by Rasmus Andersson.
11:02 of 1st period - Off-side.
11:03 of 1st period - Matt Duchene wins face-off versus Andre Burakovsky in neutral zone.
11:05 of 1st period - Jake DeBrusk is hit by Joakim Ryan.
11:17 of 1st period - Shot by Tom Wilson.
11:17 of 1st period - Stopped by Andrei Vasilevskiy with a rebound.
12:11 of 1st period - Shot by Darren Helm.
12:11 of 1st period - Stopped by Andrei Vasilevskiy without a rebound.
12:12 of 1st period - Radek Faksa wins face-off versus Aleksander Barkov in SACRAMENTO BANDITS zone.
12:24 of 1st period - Aleksander Barkov is hit by Greg Pateryn and loses puck.
12:39 of 1st period - Shot by Jonathan Huberdeau.
12:39 of 1st period - Stopped by Robin Lehner with a rebound.
12:41 of 1st period - Shot by Ryan Suter.
12:41 of 1st period - Stopped by Robin Lehner with a rebound.
12:43 of 1st period - Shot by John Carlson.
12:43 of 1st period - Shot Misses the Net.
12:45 of 1st period - Shot by Alexander Radulov.
12:45 of 1st period - Shot Misses the Net.
12:53 of 1st period - Shot by Aleksander Barkov.
12:53 of 1st period - Shot Blocked by Greg Pateryn.
12:55 of 1st period - Shot by Aleksander Barkov.
12:55 of 1st period - Stopped by Robin Lehner without a rebound.
12:56 of 1st period - Jamie Benn wins face-off versus Kyle Turris in BOISE CARIBOUS zone.
13:07 of 1st period - Shot by Jamie Benn.
13:07 of 1st period - Deflect By Brock Boeser.
13:07 of 1st period - Shot Misses the Net.
14:04 of 1st period - Shot by Tom Wilson.
14:04 of 1st period - Shot Blocked by Brock Boeser.
14:19 of 1st period - Shot by Carl Soderberg.
14:19 of 1st period - Shot Hit the Post.
14:21 of 1st period - Shot by Joakim Ryan.
14:21 of 1st period - Shot Misses the Net.
14:53 of 1st period - Shot by Darren Helm.
14:53 of 1st period - Shot Misses the Net.
15:54 of 1st period - Shot by Jake DeBrusk.
15:54 of 1st period - Shot Misses the Net.
15:56 of 1st period - Shot by Colton Sissons.
15:56 of 1st period - Stopped by Robin Lehner with a rebound.
15:58 of 1st period - Shot by Ivan Provorov.
15:58 of 1st period - Shot Blocked by Patrick Marleau.
16:20 of 1st period - Shot by Matt Duchene.
16:20 of 1st period - Stopped by Robin Lehner without a rebound.
16:21 of 1st period - Carl Soderberg wins face-off versus Jay Beagle in BOISE CARIBOUS zone.
16:56 of 1st period - Icing by Mike Reilly.
16:57 of 1st period - Aleksander Barkov wins face-off versus Tom Wilson in BOISE CARIBOUS zone.
17:28 of 1st period - Shot by Alexander Radulov.
17:28 of 1st period - Shot Blocked by Joakim Ryan.
18:00 of 1st period - Shot by Phil Kessel.
18:00 of 1st period - Stopped by Andrei Vasilevskiy without a rebound.
18:01 of 1st period - Theodor Blueger wins face-off versus Jamie Benn in SACRAMENTO BANDITS zone.
18:30 of 1st period - Icing by Darren Helm.
18:31 of 1st period - Matt Duchene wins face-off versus Theodor Blueger in BOISE CARIBOUS zone.
18:34 of 1st period - Shot by Matt Duchene.
18:34 of 1st period - Shot Misses the Net.
Goals for this period are 0 for BOISE CARIBOUS vs 1 for SACRAMENTO BANDITS.
Shots for this period are 14 for BOISE CARIBOUS vs 14 for SACRAMENTO BANDITS.

2nd period


0:01 of 2nd period - Aleksander Barkov wins face-off versus Carl Soderberg in neutral zone.
0:03 of 2nd period - John Carlson is hit by Mike Reilly and loses puck.
0:17 of 2nd period - Shot by Aleksander Barkov.
0:17 of 2nd period - Shot Misses the Net.
0:25 of 2nd period - John Carlson is hit by Tom Wilson and loses puck.
0:36 of 2nd period - Shot by Carl Soderberg.
0:36 of 2nd period - Shot Misses the Net.
0:38 of 2nd period - Shot by Mike Reilly.
0:38 of 2nd period - Stopped by Andrei Vasilevskiy without a rebound.
0:39 of 2nd period - Kyle Turris wins face-off versus Jamie Benn in SACRAMENTO BANDITS zone.
1:01 of 2nd period - Icing by Mattias Ekholm.
1:02 of 2nd period - Radek Faksa wins face-off versus Jamie Benn in SACRAMENTO BANDITS zone.
1:21 of 2nd period - Shot by Alexander DeBrincat.
1:21 of 2nd period - Deflect By Brock Boeser.
1:21 of 2nd period - Shot Misses the Net.
1:33 of 2nd period - Shot by Brock Boeser.
1:33 of 2nd period - Stopped by Robin Lehner without a rebound.
1:34 of 2nd period - Aleksander Barkov wins face-off versus Dominik Kubalik in BOISE CARIBOUS zone.
2:23 of 2nd period - Shot by Aleksander Barkov.
2:23 of 2nd period - Deflect By Jonathan Huberdeau.
2:23 of 2nd period - Stopped by Robin Lehner without a rebound.
2:24 of 2nd period - Matt Duchene wins face-off versus Carl Soderberg in BOISE CARIBOUS zone.
2:52 of 2nd period - Shot by Andre Burakovsky.
2:52 of 2nd period - Stopped by Andrei Vasilevskiy without a rebound.
2:53 of 2nd period - Jamie Benn wins face-off versus Patrick Marleau in SACRAMENTO BANDITS zone.
2:53 of 2nd period - Jamie Benn is hit by Lawson Crouse.
3:01 of 2nd period - Shot by Alexander DeBrincat.
3:01 of 2nd period - Stopped by Robin Lehner without a rebound.
3:02 of 2nd period - Jamie Benn wins face-off versus Theodor Blueger in BOISE CARIBOUS zone.
3:06 of 2nd period - Minor Penalty to John Klingberg for Tripping.
3:07 of 2nd period - Aleksander Barkov wins face-off versus Radek Faksa in BOISE CARIBOUS zone.
3:14 of 2nd period - Shot by John Carlson.
3:14 of 2nd period - Stopped by Robin Lehner without a rebound.
3:15 of 2nd period - Aleksander Barkov wins face-off versus Radek Faksa in BOISE CARIBOUS zone.
3:32 of 2nd period - Off-side.
3:33 of 2nd period - Jamie Benn wins face-off versus Radek Faksa in neutral zone.
3:44 of 2nd period - Shot by Brock Boeser.
3:44 of 2nd period - Stopped by Robin Lehner with a rebound.
3:46 of 2nd period - Shot by Mattias Ekholm.
3:46 of 2nd period - Deflect By Brock Boeser.
3:46 of 2nd period - Shot Misses the Net.
3:48 of 2nd period - Shot by Mattias Ekholm.
3:48 of 2nd period - Stopped by Robin Lehner without a rebound.
3:49 of 2nd period - Aleksander Barkov wins face-off versus Theodor Blueger in BOISE CARIBOUS zone.
4:26 of 2nd period - Shot by Jonathan Huberdeau.
4:26 of 2nd period - Shot Misses the Net.
4:28 of 2nd period - Shot by John Carlson.
4:28 of 2nd period - Shot Misses the Net.
4:30 of 2nd period - Shot by John Carlson.
4:30 of 2nd period - Stopped by Robin Lehner without a rebound.
4:31 of 2nd period - Jamie Benn wins face-off versus Radek Faksa in BOISE CARIBOUS zone.
5:14 of 2nd period - Shot by Matt Duchene.
5:14 of 2nd period - Stopped by Robin Lehner without a rebound.
5:15 of 2nd period - Carl Soderberg wins face-off versus Aleksander Barkov in BOISE CARIBOUS zone.
5:21 of 2nd period - Carl Soderberg is hit by Aleksander Barkov and loses puck.
5:42 of 2nd period - Shot by Andre Burakovsky.
5:42 of 2nd period - Shot Blocked by Ryan Suter.
6:18 of 2nd period - Shot by Brock Boeser.
6:18 of 2nd period - Deflect By Jamie Benn.
6:18 of 2nd period - Shot Misses the Net.
6:47 of 2nd period - Shot by Brock Boeser.
6:47 of 2nd period - Stopped by Robin Lehner without a rebound.
6:48 of 2nd period - Matt Duchene wins face-off versus Lawson Crouse in BOISE CARIBOUS zone.
7:05 of 2nd period - Shot by Jake DeBrusk.
7:05 of 2nd period - Stopped by Robin Lehner without a rebound.
7:06 of 2nd period - Scott Laughton wins face-off versus Phil Kessel in BOISE CARIBOUS zone.
7:36 of 2nd period - Icing by Rasmus Andersson.
7:37 of 2nd period - Jamie Benn wins face-off versus Kyle Turris in BOISE CARIBOUS zone.
7:38 of 2nd period - Shot by Brock Boeser.
7:38 of 2nd period - Stopped by Robin Lehner without a rebound.
7:39 of 2nd period - Radek Faksa wins face-off versus Aleksander Barkov in BOISE CARIBOUS zone.
7:48 of 2nd period - Shot by Radek Faksa.
7:48 of 2nd period - Shot Misses the Net.
8:08 of 2nd period - Shot by Lawson Crouse.
8:08 of 2nd period - Shot Misses the Net.
8:10 of 2nd period - Shot by Mike Reilly.
8:10 of 2nd period - Shot Misses the Net.
8:12 of 2nd period - Shot by Patrick Marleau.
8:12 of 2nd period - Deflect By Radek Faksa.
8:12 of 2nd period - Shot Misses the Net.
8:14 of 2nd period - Shot by Lawson Crouse.
8:14 of 2nd period - Stopped by Andrei Vasilevskiy without a rebound.
8:15 of 2nd period - Jamie Benn wins face-off versus Kyle Turris in SACRAMENTO BANDITS zone.
8:54 of 2nd period - Shot by Dominik Kubalik.
8:54 of 2nd period - Shot Misses the Net.
9:34 of 2nd period - Shot by Joakim Ryan.
9:34 of 2nd period - Shot Misses the Net.
9:36 of 2nd period - Shot by Tom Wilson.
9:36 of 2nd period - Shot Misses the Net.
10:07 of 2nd period - Icing by Mark Borowiecki.
10:08 of 2nd period - Aleksander Barkov wins face-off versus Theodor Blueger in SACRAMENTO BANDITS zone.
11:18 of 2nd period - Shot by Brock Boeser.
11:18 of 2nd period - Shot Misses the Net.
11:26 of 2nd period - Shot by Brock Boeser.
11:26 of 2nd period - Shot Misses the Net.
11:32 of 2nd period - Shot by Jamie Benn.
11:32 of 2nd period - Shot Misses the Net.
11:48 of 2nd period - Shot by Alexander DeBrincat.
11:48 of 2nd period - Shot Blocked by Theodor Blueger.
11:50 of 2nd period - Shot by John Carlson.
11:50 of 2nd period - Shot Blocked by John Klingberg.
11:52 of 2nd period - Shot by Jamie Benn.
11:52 of 2nd period - Stopped by Robin Lehner without a rebound.
11:53 of 2nd period - Carl Soderberg wins face-off versus Aleksander Barkov in BOISE CARIBOUS zone.
11:57 of 2nd period - Icing by Tom Wilson.
11:58 of 2nd period - Aleksander Barkov wins face-off versus Tom Wilson in BOISE CARIBOUS zone.
11:58 of 2nd period - Aleksander Barkov is hit by Joakim Ryan.
12:02 of 2nd period - Shot by Jonathan Huberdeau.
12:02 of 2nd period - Stopped by Robin Lehner without a rebound.
12:03 of 2nd period - Aleksander Barkov wins face-off versus Carl Soderberg in BOISE CARIBOUS zone.
12:46 of 2nd period - Jonathan Huberdeau is hit by Rasmus Andersson and loses puck.
13:27 of 2nd period - Phil Kessel is hit by John Carlson and loses puck.
13:39 of 2nd period - Dominik Kubalik is hit by Ryan Suter and loses puck.
13:46 of 2nd period - Shot by Phil Kessel.
13:46 of 2nd period - Shot Misses the Net.
13:48 of 2nd period - Shot by Joakim Ryan.
13:48 of 2nd period - Shot Misses the Net.
13:50 of 2nd period - Shot by Dominik Kubalik.
13:50 of 2nd period - Stopped by Andrei Vasilevskiy with a rebound.
14:08 of 2nd period - Lawson Crouse is hit by Jamie Benn and loses puck.
14:25 of 2nd period - Icing by Radek Faksa.
14:26 of 2nd period - Aleksander Barkov wins face-off versus Radek Faksa in BOISE CARIBOUS zone.
14:39 of 2nd period - John Klingberg is hit by Jonathan Huberdeau and loses puck.
15:40 of 2nd period - Lawson Crouse is hit by Mark Borowiecki and loses puck.
16:03 of 2nd period - Jamie Benn is hit by Dominik Kubalik.
17:09 of 2nd period - Shot by Carl Soderberg.
17:09 of 2nd period - Stopped by Andrei Vasilevskiy with a rebound.
17:25 of 2nd period - Joakim Ryan is hit by Scott Laughton and loses puck.
18:12 of 2nd period - Shot by Ivan Provorov.
18:12 of 2nd period - Shot Misses the Net.
19:03 of 2nd period - Icing by Mike Reilly.
19:04 of 2nd period - Aleksander Barkov wins face-off versus Kyle Turris in BOISE CARIBOUS zone.
19:09 of 2nd period - Shot by Alexander Radulov.
19:09 of 2nd period - Shot Misses the Net.
19:26 of 2nd period - Shot by Aleksander Barkov.
19:26 of 2nd period - Shot Misses the Net.
19:42 of 2nd period - Shot by Jonathan Huberdeau.
19:42 of 2nd period - Stopped by Robin Lehner without a rebound.
19:43 of 2nd period - Jamie Benn wins face-off versus Carl Soderberg in BOISE CARIBOUS zone.
19:49 of 2nd period - Minor Penalty to Ryan Suter for Charging.
19:50 of 2nd period - Aleksander Barkov wins face-off versus Carl Soderberg in SACRAMENTO BANDITS zone.
Goals for this period are 0 for BOISE CARIBOUS vs 0 for SACRAMENTO BANDITS.
Shots for this period are 5 for BOISE CARIBOUS vs 14 for SACRAMENTO BANDITS.

3rd period


0:01 of 3rd period - Aleksander Barkov wins face-off versus Carl Soderberg in neutral zone.
0:22 of 3rd period - Shot by Tom Wilson.
0:22 of 3rd period - Stopped by Andrei Vasilevskiy without a rebound.
0:23 of 3rd period - Aleksander Barkov wins face-off versus Dominik Kubalik in SACRAMENTO BANDITS zone.
0:56 of 3rd period - Shot by Lawson Crouse.
0:56 of 3rd period - Shot Misses the Net.
1:38 of 3rd period - Shot by Andre Burakovsky.
1:38 of 3rd period - Shot Misses the Net.
3:14 of 3rd period - Tom Wilson is hit by Mark Borowiecki and loses puck.
3:20 of 3rd period - Tom Wilson is hit by Mark Borowiecki and loses puck.
3:23 of 3rd period - Shot by Tom Wilson.
3:23 of 3rd period - Shot Blocked by Mark Borowiecki.
3:24 of 3rd period - Minor Penalty to Mark Borowiecki for Roughing.
3:25 of 3rd period - Kyle Turris wins face-off versus Aleksander Barkov in SACRAMENTO BANDITS zone.
3:43 of 3rd period - Off-side.
3:44 of 3rd period - Aleksander Barkov wins face-off versus Tom Wilson in neutral zone.
5:24 of 3rd period - Phil Kessel is hit by Mark Borowiecki and loses puck.
6:24 of 3rd period - Shot by Brock Boeser.
6:24 of 3rd period - Shot Misses the Net.
6:26 of 3rd period - Shot by Ivan Provorov.
6:26 of 3rd period - Shot Misses the Net.
6:28 of 3rd period - Shot by Ivan Provorov.
6:28 of 3rd period - Shot Misses the Net.
6:51 of 3rd period - Shot by Alexander DeBrincat.
6:51 of 3rd period - Stopped by Robin Lehner without a rebound.
6:52 of 3rd period - Carl Soderberg wins face-off versus Aleksander Barkov in BOISE CARIBOUS zone.
7:26 of 3rd period - Shot by Jonathan Huberdeau.
7:26 of 3rd period - Shot Misses the Net.
7:36 of 3rd period - Shot by Carl Soderberg.
7:36 of 3rd period - Shot Misses the Net.
7:37 of 3rd period - Minor Penalty to Tom Wilson for Hooking.
7:38 of 3rd period - Radek Faksa wins face-off versus Jamie Benn in BOISE CARIBOUS zone.
7:38 of 3rd period - Radek Faksa is hit by Jamie Benn.
8:19 of 3rd period - Shot by Jamie Benn.
8:19 of 3rd period - Deflect By Alexander DeBrincat.
8:19 of 3rd period - Shot Misses the Net.
8:21 of 3rd period - Shot by Jamie Benn.
8:21 of 3rd period - Deflect By Brock Boeser.
8:21 of 3rd period - Stopped by Robin Lehner without a rebound.
8:22 of 3rd period - Radek Faksa wins face-off versus Alexander Radulov in BOISE CARIBOUS zone.
8:46 of 3rd period - Icing by Alexander Radulov.
8:47 of 3rd period - Aleksander Barkov wins face-off versus Theodor Blueger in SACRAMENTO BANDITS zone.
9:34 of 3rd period - Shot by Brock Boeser.
9:34 of 3rd period - Deflect By Alexander DeBrincat.
9:34 of 3rd period - Shot Misses the Net.
9:36 of 3rd period - Shot by Mattias Ekholm.
9:36 of 3rd period - Shot Blocked by Mike Reilly.
9:55 of 3rd period - Jake DeBrusk is hit by Phil Kessel and loses puck.
10:00 of 3rd period - Will Butcher is hit by Mark Borowiecki and loses puck.
10:04 of 3rd period - Minor Penalty to John Klingberg for Roughing.
10:05 of 3rd period - Radek Faksa wins face-off versus Jamie Benn in BOISE CARIBOUS zone.
10:05 of 3rd period - Radek Faksa is hit by Brock Boeser.
12:28 of 3rd period - Shot by Tom Wilson.
12:28 of 3rd period - Stopped by Andrei Vasilevskiy with a rebound.
12:30 of 3rd period - Shot by John Klingberg.
12:30 of 3rd period - Shot Misses the Net.
13:15 of 3rd period - Off-side.
13:16 of 3rd period - Jamie Benn wins face-off versus Radek Faksa in neutral zone.
13:23 of 3rd period - Shot by Brock Boeser.
13:23 of 3rd period - Stopped by Robin Lehner without a rebound.
13:24 of 3rd period - Aleksander Barkov wins face-off versus Kyle Turris in BOISE CARIBOUS zone.
13:47 of 3rd period - Shot by Aleksander Barkov.
13:47 of 3rd period - Deflect By Alexander Radulov.
13:47 of 3rd period - Stopped by Robin Lehner without a rebound.
13:48 of 3rd period - Jamie Benn wins face-off versus Radek Faksa in BOISE CARIBOUS zone.
15:03 of 3rd period - Shot by Jonathan Huberdeau.
15:03 of 3rd period - Stopped by Robin Lehner without a rebound.
15:04 of 3rd period - Kyle Turris wins face-off versus Jonathan Huberdeau in BOISE CARIBOUS zone.
15:32 of 3rd period - Shot by Jonathan Huberdeau.
15:32 of 3rd period - Stopped by Robin Lehner without a rebound.
15:33 of 3rd period - Jay Beagle wins face-off versus Carl Soderberg in BOISE CARIBOUS zone.
15:41 of 3rd period - Jay Beagle is hit by Joakim Ryan and loses puck.
15:48 of 3rd period - Shot by Scott Laughton.
15:48 of 3rd period - Stopped by Robin Lehner without a rebound.
15:49 of 3rd period - Aleksander Barkov wins face-off versus Theodor Blueger in BOISE CARIBOUS zone.
15:53 of 3rd period - Jonathan Huberdeau is hit by Rasmus Andersson and loses puck.
16:10 of 3rd period - Shot by Jonathan Huberdeau.
16:10 of 3rd period - Shot Misses the Net.
16:12 of 3rd period - Shot by Aleksander Barkov.
16:12 of 3rd period - Shot Misses the Net.
16:58 of 3rd period - Shot by Mattias Ekholm.
16:58 of 3rd period - Stopped by Robin Lehner without a rebound.
16:59 of 3rd period - Matt Duchene wins face-off versus Radek Faksa in BOISE CARIBOUS zone.
17:13 of 3rd period - Minor Penalty to Colton Sissons for Hooking.
17:14 of 3rd period - Carl Soderberg wins face-off versus Aleksander Barkov in SACRAMENTO BANDITS zone.
17:29 of 3rd period - Jonathan Huberdeau is hit by Tom Wilson and loses puck.
17:44 of 3rd period - Shot by Phil Kessel.
17:44 of 3rd period - Goal by Phil Kessel - BOISE CARIBOUS : 1 - SACRAMENTO BANDITS : 1.
17:45 of 3rd period - Jamie Benn wins face-off versus Radek Faksa in neutral zone.
18:27 of 3rd period - Shot by Radek Faksa.
18:27 of 3rd period - Shot Blocked by John Carlson.
18:39 of 3rd period - Shot by Dominik Kubalik.
18:39 of 3rd period - Shot Misses the Net.
19:05 of 3rd period - Shot by Phil Kessel.
19:05 of 3rd period - Stopped by Andrei Vasilevskiy with a rebound.
19:07 of 3rd period - Shot by Dominik Kubalik.
19:07 of 3rd period - Shot Misses the Net.
19:09 of 3rd period - Shot by Dominik Kubalik.
19:09 of 3rd period - Stopped by Andrei Vasilevskiy with a rebound.
19:11 of 3rd period - Shot by Will Butcher.
19:11 of 3rd period - Stopped by Andrei Vasilevskiy with a rebound.
19:26 of 3rd period - Icing by Will Butcher.
19:27 of 3rd period - Aleksander Barkov wins face-off versus Kyle Turris in BOISE CARIBOUS zone.
19:59 of 3rd period - Shot by Aleksander Barkov.
19:59 of 3rd period - Shot Misses the Net.
Goals for this period are 1 for BOISE CARIBOUS vs 0 for SACRAMENTO BANDITS.
Shots for this period are 6 for BOISE CARIBOUS vs 8 for SACRAMENTO BANDITS.

Overtime #1


0:01 of 1st overtime period - Aleksander Barkov wins face-off versus Carl Soderberg in neutral zone.
0:33 of 1st overtime period - Shot by Aleksander Barkov.
0:33 of 1st overtime period - Goal by Aleksander Barkov - BOISE CARIBOUS : 1 - SACRAMENTO BANDITS : 2.
Goals for this period are 0 for BOISE CARIBOUS vs 1 for SACRAMENTO BANDITS.
Shots for this period are 0 for BOISE CARIBOUS vs 1 for SACRAMENTO BANDITS.


DARCY
KUEMPER
JAKE
OETTINGER
NINO
NIEDERREITER

EAST COAST

HOCKEY LEAGUE

  • 1.CHI2QUE4
  • 2.LIM2CHA3
  • 3.LON3TRV5
  • 4.BAL5CHW6
  • 5.MANPIT
  • 6.NHWATL
  • 7.PETWOR
  • 8.RHI